 Dungeon Crawl Stone Soup version 0.20.1-1-g8b1a95d (webtiles) character file.

389 dengdeng the Shield-Bearer (level 6, -4/38 HPs)
             Began as a Gargoyle Fighter on Nov 10, 2017.
             Slain by AdmiralAndromeda's ghost (10 damage)
             ... on level 6 of the Dungeon.
             The game lasted 00:20:52 (4504 turns).

dengdeng the Shield-Bearer (Gargoyle Fighter)       Turns: 4504, Time: 00:20:53

Health: -4/38      AC: 12    Str: 21    XL:     6   Next: 79%
Magic:  6/6        EV:  8    Int:  9    God:
Gold:   183        SH:  9    Dex:  9    Spells: 5/5 levels left

rFire    . . .     SeeInvis .   p - +4 hand axe (freeze)
rCold    . . .     Gourm    .   c - +0 shield
rNeg     + . .     Faith    .   b - +0 scale mail
rPois    ∞         Spirit   .   (no helmet)
rElec    +         Reflect  .   (no cloak)
rCorr    .         Harm     .   y - +0 pair of gloves
MR       .....                  (no boots)
Stlth    ..........             (no amulet)
Regen    0.2/turn               (no ring)
MPRegen  0.1/turn               (no ring)

@: no status effects
A: negative energy resistance 1, electricity resistance, unbreathing,
petrification resistance, rot immunity, AC +4
a: no special abilities


You were on level 6 of the Dungeon.
You were not hungry.

You visited 1 branch of the dungeon, and saw 6 of its levels.

You collected 183 gold pieces.

Inventory:

Hand Weapons
 a - a +0 long sword
 h - a +0 long sword
 p - a +4 hand axe of freezing (weapon)
Missiles
 m - 50 poisoned needles
 q - 2 tomahawks (quivered)
 t - 45 stones
Armour
 b - a +0 scale mail (worn)
 c - a +0 shield (worn)
 r - a cursed +0 leather armour
 y - a +0 pair of gloves (worn)
 B - a +0 buckler
Scrolls
 i - 3 scrolls of teleportation
 j - a scroll of blinking {unknown}
 k - 2 scrolls of amnesia
 l - a scroll of enchant weapon {unknown}
 n - 3 scrolls of remove curse {unknown}
 o - 2 scrolls of immolation {unknown}
 w - a scroll of noise {unknown}
 C - a scroll of identify
Potions
 d - a potion of might
 e - 2 potions of degeneration {unknown}
 g - a potion of flight {unknown}
 u - a potion of lignification {unknown}
 v - a potion of curing {unknown}
 z - a potion of agility {unknown}
 A - a potion of resistance {unknown}
 E - a potion of haste {unknown}
Books
 x - a book of Cantrips

   Spells                             Type                      Level
   a - Confusing Touch                Hexes                        1
   b - Animate Skeleton               Necromancy                   1
   c - Summon Small Mammal            Summoning                    1
   d - Apportation                    Translocation                1
Comestibles
 f - 3 bread rations
 s - 2 fruits
 D - a chunk of flesh


   Skills:
 + Level 4.1 Fighting
 + Level 3.5 Long Blades
 + Level 0.8 Axes
 + Level 1.3 Throwing
 + Level 4.6 Armour
 + Level 1.0 Dodging
 + Level 0.2 Stealth
 + Level 4.8 Shields


You had 5 spell levels left.
You didn't know any spells.

Dungeon Overview and Level Annotations

Branches:
Dungeon (7/15)
 Temple: D:4-7

Altars:
Hepliaklqana
Vehumet
Yredelemnul

Shops:
D:7 ?

Annotations:
D:6 AdmiralAndromeda's ghost, novice TrHu


Innate Abilities, Weirdness & Mutations

You are resistant to torment.
Your stone body is resilient. (AC +4)
You are immune to poison.
You resist negative energy. (rN+)
You are resistant to electric shocks. (rElec)
You can survive without breathing.
You are immune to petrification.
You are immune to rotting.


Message History

* * * LOW HITPOINT WARNING * * *
A jelly comes into view.
You barely miss AdmiralAndromeda's ghost.
AdmiralAndromeda's ghost is heavily damaged.
The jelly quivers.
You block AdmiralAndromeda's ghost's attack.
You closely miss AdmiralAndromeda's ghost.
AdmiralAndromeda's ghost is heavily damaged.
AdmiralAndromeda's ghost screams, "To die, to sleep, no more."
AdmiralAndromeda's ghost barely misses you.
You closely miss AdmiralAndromeda's ghost.
AdmiralAndromeda's ghost is heavily damaged.
You block AdmiralAndromeda's ghost's attack. x2
You hit AdmiralAndromeda's ghost. You freeze AdmiralAndromeda's ghost.
AdmiralAndromeda's ghost is heavily damaged.
AdmiralAndromeda's ghost barely misses you.
You hit AdmiralAndromeda's ghost. You freeze AdmiralAndromeda's ghost.
AdmiralAndromeda's ghost is severely damaged.
AdmiralAndromeda's ghost hits you!
You die...

.. ..##.#
.......#.#.#.##.###
....#..#.#..<......
...................
....#.#..##........
..........#..#.....
..........#......##
........%.#J.......
........>.W@....#
#.........#..#..#
#.....#####.## #
#..... #.# #....
#.. #.... ... ####
####


You could see a jelly and AdmiralAndromeda's ghost.

Vanquished Creatures
  A scorpion (D:6)
  A howler monkey (D:4)
  A hound (D:4)
  An orc wizard (D:4)
  2 worker ants (D:4)
  7 gnolls
  5 adders
  A worm (D:3)
  2 dart slugs
  2 leopard geckos
  4 orcs (D:4)
  7 bats
  6 giant cockroaches
  5 goblins
  7 hobgoblins
  3 jackals (D:3)
  3 quokkas
  A ball python (D:3)
  7 frilled lizards
  5 kobolds
  7 rats
  A withered plant (D:3)
79 creatures vanquished.

Notes
Turn   | Place    | Note
-------+----------+-------------------------------------------
     0 | D:1      | dengdeng the Gargoyle Fighter began the quest for the Orb.
     0 | D:1      | Reached XP level 1. HP: 14/14 MP: 1/1
   226 | D:1      | Reached XP level 2. HP: 19/19 MP: 2/2
  1091 | D:1      | Reached XP level 3. HP: 23/23 MP: 3/3
  1961 | D:2      | Reached skill level 1 in Throwing
  2041 | D:2      | Found a hazy altar of Hepliaklqana.
  2525 | D:3      | Reached XP level 4. HP: 28/28 MP: 4/4
  2967 | D:3      | Reached XP level 5. HP: 32/32 MP: 5/5
  3175 | D:3      | Found a radiant altar of Vehumet.
  3606 | D:3      | Found a basalt altar of Yredelemnul.
  4155 | D:4      | Reached XP level 6. HP: 35/38 MP: 6/6
  4422 | D:4      | You fall through a shaft for 3 floors!
  4438 | D:7      | Found Kutunoit's Magic Scroll Boutique.
  4440 | D:7      | Noticed a phantom
  4452 | D:6      | Reached skill level 1 in Dodging
  4483 | D:6      | Noticed AdmiralAndromeda's ghost (novice TrHu)
  4504 | D:6      | Slain by AdmiralAndromeda's ghost

Skill      XL: |  1  2  3  4  5  6 |
---------------+-------------------+-----
Long Blades    | 2 3 |  3.5
Throwing       | 1 |  1.3
Armour         | 4 |  4.6
Shields        | 4 |  4.8
Fighting       | 4 |  4.1
Dodging        | 1 |  1.0
Axes           | |  0.8
Stealth        | |  0.2

Action                   |  1- 3 |  4- 6 || total
-------------------------+-------+-------++-------
Melee: Long sword        |    95 |   111 ||   206
       Hand axe          |       |    89 ||    89
Throw: Tomahawk          |    43 |     3 ||    46
  Use: Scroll            |       |     4 ||     4
  Eat: Chunk             |     1 |     4 ||     5
       Bread ration      |     1 |       ||     1
       Fruit             |       |     1 ||     1
       Meat ration       |       |     1 ||     1
Armor: Scale mail        |    44 |   112 ||   156
Dodge: Dodged            |    30 |    66 ||    96
Block: Shield            |    61 |   107 ||   168
       Rpst.: Long sword |     7 |    11 ||    18
